 Dungeon Crawl Stone Soup version 0.25.0-1-g7eea58d (webtiles) character file.

Game seed: 17979208622111517225

184 Flamabang the Charmwright (level 5, -3/43 HPs)
             Began as a Gnoll Skald on June 15, 2020.
             Killed by divine providence
             ... invoked by an orc priest
              (8 damage)
             ... on level 3 of the Dungeon.
             The game lasted 00:08:32 (2508 turns).

Flamabang the Charmwright (Gnoll Skald)             Turns: 2508, Time: 00:08:34

Health: -3/43      AC:  9    Str: 15    XL:     5   Next: 64%
Magic:  8/12       EV: 14    Int: 15    God:
Gold:   135        SH:  0    Dex: 14    Spells: 3/14 levels left

rFire    . . .     SeeInvis .   a - +0 falchion
rCold    . . .     Gourm    .   (no shield)
rNeg     . . .     Faith    .   b - +0 leather armour
rPois    .         Spirit   .   (no helmet)
rElec    .         Reflect  .   (no cloak)
rCorr    .         Harm     .   (no gloves)
MR       .....                  (no boots)
Stlth    ++........             (no amulet)
HPRegen  0.14/turn              (no ring)
MPRegen  0.13/turn              (no ring)

@: icy armour, singing
A: distributed training, fangs 1, strong nose
a: no special abilities


You were on level 3 of the Dungeon.
You were hungry.

You visited 1 branch of the dungeon, and saw 3 of its levels.

You collected 135 gold pieces.

Inventory:

Hand Weapons
 a - a +0 falchion (weapon)
Missiles
 c - 14 poisoned darts (quivered)
 e - 21 arrows
 p - 27 bolts
Armour
 b - a +0 leather armour (worn)
Jewellery
 j - an uncursed ring of flight {unknown}
 k - an uncursed ring of magical power {unknown}
 l - a +6 ring of strength {unknown}
Scrolls
 f - a scroll of remove curse
 g - a scroll of magic mapping {unknown}
 i - a scroll of identify {unknown}
 o - a scroll of fear {unknown}
Potions
 h - 2 potions of brilliance {unknown}
 m - a potion of invisibility {unknown}
 n - a potion of flight {unknown}
Comestibles
 d - 7 rations


   Skills:
 + Level 4.8 Fighting
 + Level 1.5 Short Blades
 + Level 4.8 Long Blades
 + Level 1.5 Axes
 + Level 1.5 Maces & Flails
 + Level 1.5 Polearms
 + Level 1.5 Staves
 + Level 1.5 Slings
 + Level 1.5 Bows
 + Level 1.5 Crossbows
 + Level 1.5 Throwing
 + Level 3.0 Armour
 + Level 4.8 Dodging
 + Level 1.5 Stealth
 + Level 1.5 Shields
 + Level 1.5 Unarmed Combat
 + Level 5.2 Spellcasting
 + Level 1.2 Conjurations
 + Level 1.2 Hexes
 + Level 5.5 Charms
 + Level 1.2 Summonings
 + Level 1.2 Necromancy
 + Level 1.2 Translocations
 + Level 1.2 Transmutations
 + Level 1.2 Fire Magic
 + Level 1.2 Ice Magic
 + Level 1.2 Air Magic
 + Level 1.2 Earth Magic
 + Level 1.2 Poison Magic
 + Level 1.7 Invocations
 + Level 1.5 Evocations


You had 3 spell levels left.
You knew the following spells:

 Your Spells              Type           Power        Failure   Level  Hunger
a - Infusion              Chrm           ###.         1%          1    None
b - Song of Slaying       Chrm           ###.....     3%          2    ##.....
c - Shroud of Golubria    Chrm/Tloc      ##....       8%          2    ##.....
d - Ozocubu's Armour      Chrm/Ice       ##......     14%         3    ###....
e - Spectral Weapon       Hex/Chrm       ##......     14%         3    ###....

Your spell library contained the following spells:

 Spells                   Type           Power        Failure   Level  Hunger


Dungeon Overview and Level Annotations

Branches:
Dungeon (3/15)

Altars:
Uskayaw


Innate Abilities, Weirdness & Mutations

Your experience applies equally to all skills.
You have very sharp teeth.
Your uncanny sense of smell can sniff out nearby items.


Message History

You kill the worm!
The orc closely misses you.
You riposte.
You hit the orc. You bite the orc.
The orc is heavily wounded.
The orc priest mumbles some strange prayers to Beogh against you.
Beogh smites you!
* * * LOW HITPOINT WARNING * * *
As you read the scroll labeled TAIBBIYVAE, it crumbles to dust.
You feel blessed for a moment.
It was a scroll of remove curse.
The orc hits you but does no damage.
You hit the orc.
The orc is severely wounded.
The orc barely misses you.
The orc priest looks braver for a moment.
You hit the orc but do no damage.
The orc is severely wounded.
A worm comes into view.
The orc hits you but does no damage.
The orc priest calls down the wrath of Beogh upon you.
Beogh smites you!
You die...

.####'#.##....#
#...........#
#....###w.###
#.... #...#
#....##...#
.....('....#
####+######
.#.....##...#
#..........
#.....
#...###o.....$...
#.....
#....@or.........
.
#.#.###o.........
...#.#
#........)o
#####.#
#.......... #.#
#.......o.. #.#
#......!... #.#
#.....w.... #.#
#.......... #.#


You could see a worm, 2 orc priests, an orc and a rat.

Vanquished Creatures
  3 orc wizards (D:3)
  4 adders
  A worm (D:3)
  2 dart slugs (D:2)
  6 orcs (D:3)
  4 giant cockroaches
  6 goblins
  3 hobgoblins
  13 jackals
  A quokka (D:2)
  3 ball pythons
  4 bats
  2 frilled lizards (D:2)
  3 kobolds
  7 rats
62 creatures vanquished.

Notes
Turn   | Place    | Note
-------+----------+-------------------------------------------
     0 | D:1      | Flamabang the Gnoll Skald began the quest for the Orb.
     0 | D:1      | Reached XP level 1. HP: 20/20 MP: 6/6
   433 | D:1      | Reached XP level 2. HP: 26/26 MP: 7/7
   437 | D:1      | Learned a level 2 spell: Song of Slaying
   440 | D:1      | Learned a level 2 spell: Shroud of Golubria
   931 | D:1      | Reached XP level 3. HP: 31/31 MP: 3/9
   938 | D:1      | Learned a level 3 spell: Ozocubu's Armour
   942 | D:1      | Learned a level 3 spell: Spectral Weapon
  1070 | D:2      | Reached skill level 5 in Spellcasting
  1412 | D:2      | Reached skill level 1 in Invocations
  1632 | D:2      | Reached skill level 1 in Short Blades
  1632 | D:2      | Reached skill level 1 in Axes
  1632 | D:2      | Reached skill level 1 in Maces & Flails
  1632 | D:2      | Reached skill level 1 in Polearms
  1632 | D:2      | Reached skill level 1 in Staves
  1632 | D:2      | Reached skill level 1 in Slings
  1632 | D:2      | Reached skill level 1 in Bows
  1632 | D:2      | Reached skill level 1 in Crossbows
  1632 | D:2      | Reached skill level 1 in Throwing
  1632 | D:2      | Reached skill level 1 in Stealth
  1632 | D:2      | Reached skill level 1 in Shields
  1632 | D:2      | Reached skill level 1 in Unarmed Combat
  1632 | D:2      | Reached skill level 1 in Evocations
  1738 | D:2      | Noticed a +0 hand axe
  1738 | D:2      | Noticed a +0 hand axe
  1743 | D:2      | Found a hide-covered altar of Uskayaw.
  1782 | D:2      | Reached XP level 4. HP: 38/38 MP: 8/11
  2136 | D:3      | Reached skill level 1 in Conjurations
  2136 | D:3      | Reached skill level 1 in Hexes
  2136 | D:3      | Reached skill level 1 in Summonings
  2136 | D:3      | Reached skill level 1 in Necromancy
  2136 | D:3      | Reached skill level 1 in Translocations
  2136 | D:3      | Reached skill level 1 in Transmutations
  2136 | D:3      | Reached skill level 1 in Fire Magic
  2136 | D:3      | Reached skill level 1 in Ice Magic
  2136 | D:3      | Reached skill level 1 in Air Magic
  2136 | D:3      | Reached skill level 1 in Earth Magic
  2136 | D:3      | Reached skill level 1 in Poison Magic
  2137 | D:3      | Reached XP level 5. HP: 41/43 MP: 6/12
  2508 | D:3      | Killed from afar by an orc priest

Illustrated notes

Levels and vault maps discovered:
D:1:      roderic_octagonal_star, layout_basic
D:2:      wander_river, layout_rooms, dancing_weapons_uskayaw, first_ration
D:3:      layout_basic, cheibrodos_sewer_entry_sluice

Skill      XL: |  1  2  3  4  5 |
---------------+----------------+-----
Spellcasting   | 5 |  5.2
Invocations    | 1 |  1.7
Short Blades   | 1 |  1.5
Axes           | 1 |  1.5
Maces & Flails | 1 |  1.5
Polearms       | 1 |  1.5
Staves         | 1 |  1.5
Slings         | 1 |  1.5
Bows           | 1 |  1.5
Crossbows      | 1 |  1.5
Throwing       | 1 |  1.5
Stealth        | 1 |  1.5
Shields        | 1 |  1.5
Unarmed Combat | 1 |  1.5
Evocations     | 1 |  1.5
Conjurations   | 1 |  1.2
Hexes          | 1 |  1.2
Summonings     | 1 |  1.2
Necromancy     | 1 |  1.2
Translocations | 1 |  1.2
Transmutations | 1 |  1.2
Fire Magic     | 1 |  1.2
Ice Magic      | 1 |  1.2
Air Magic      | 1 |  1.2
Earth Magic    | 1 |  1.2
Poison Magic   | 1 |  1.2
Armour         | 3 |  3.0
Fighting       | |  4.8
Long Blades    | |  4.8
Dodging        | |  4.8
Charms         | |  5.5

Action                   |  1- 3 |  4- 6 || total
-------------------------+-------+-------++-------
Melee: Falchion          |    76 |    81 ||   157
       Bite              |     7 |    11 ||    18
 Cast: Song of Slaying   |     4 |     4 ||     8
       Shroud of Golubri |     2 |     1 ||     3
       Spectral Weapon   |     1 |     2 ||     3
       Ozocubu's Armour  |       |     2 ||     2
  Use: Scroll            |       |     1 ||     1
 Stab: Sleeping          |     2 |       ||     2
       Distracted        |       |     1 ||     1
  Eat: Chunk             |     3 |     2 ||     5
Armor: Leather armour    |    16 |    35 ||    51
Dodge: Dodged            |    89 |    69 ||   158
       Rpst.: Falchion   |    28 |    28 ||    56
